 Dungeon Crawl Stone Soup version 0.20-a0-1018-ge435b50 (webtiles) character file.

127 Zoots the Chopper (level 4, -13/41 HPs)
             Began as a Minotaur Chaos Knight on Apr 17, 2017.
             Mangled by an ice devil (23 damage)
             ... summoned by Xom
             ... on level 2 of the Dungeon.
             The game lasted 00:04:26 (1255 turns).

Zoots the Chopper (Minotaur Chaos Knight)           Turns: 1255, Time: 00:04:27

Health: -13/41     AC:  6    Str: 18    XL:     4   Next: 85%
Magic:  3/3        EV: 12    Int:  9    God:    Xom [...*..]
Gold:   25         SH:  0    Dex:  9    Spells: 3/3 levels left

rFire    . . .     SeeInvis .   a - +1 hand axe (chaos)
rCold    . . .     Gourm    .   (no shield)
rNeg     . . .     Faith    .   o - +2 leather armour {MR+}
rPois    .         Spirit   .   (helmet restricted)
rElec    .         Reflect  .   g - +0 cloak
rCorr    .         Harm     .   (no gloves)
MR       +....                  (no boots)
Stlth    +.........             (no amulet)
Regen    0.2/turn               e - ring of flight
MPRegen  0.1/turn               (no ring)

@: no status effects
A: retaliatory headbutt, horns 2
a: Renounce Religion, Evoke Flight


You were on level 2 of the Dungeon.
You worshipped Xom.
You were a favourite toy of Xom.
You were not hungry.

You visited 1 branch of the dungeon, and saw 2 of its levels.

You collected 25 gold pieces.

Inventory:

Hand Weapons
 a - a +1 hand axe of chaos (weapon)
Armour
 b - a +2 leather armour
 g - a +0 cloak (worn)
 n - a +0 ring mail
 o - a +2 leather armour of magic resistance (worn)
Jewellery
 e - a ring of flight (left hand)
Comestibles
 c - a bread ration


   Skills:
 + Level 4.4 Fighting
 + Level 5.4 Axes
 + Level 3.2 Armour
 + Level 1.9 Dodging
 + Level 0.3 Stealth


You had 3 spell levels left.
You didn't know any spells.

Dungeon Overview and Level Annotations

Branches:
Dungeon (2/15)

Altars:


Innate Abilities, Weirdness & Mutations

You reflexively headbutt those who attack you in melee.
You have a pair of horns on your head.


Message History

A goblin comes into view. It is wielding a club.
As you read the scroll labeled FEFEER IMEFRILEARR, it crumbles to dust.
You assume a fearsome visage.
The ice devil is unaffected.
The goblin looks frightened!
The crimson imp is unaffected.
It was a scroll of fear.
The goblin moves out of view.
The crimson imp hits you.
You barely miss the crimson imp.
The crimson imp is heavily wounded.
The crimson imp closely misses you.
You hit the crimson imp.
The crimson imp appears confused.
The crimson imp is heavily wounded.
You barely miss the ice devil. Your headbutt misses the ice devil.
You hit the crimson imp but do no damage.
The ice devil hits you. The ice devil freezes you!
You hit the ice devil but do no damage. The ice devil hits you!
* * * LOW HITPOINT WARNING * * *
The ice devil freezes you!!
Ouch! That really hurt!
You die...
Xom laughs nastily!

#.# #.#..# #.# ##†.# #.#
+.+ #.##.###.###.(.# #.#
#.# #.##..##.##....# #..
... ..###.#..##.#..# #.#
#.####.# #...##...... #.#
#.#..#.# ###.##...... #.#
+.+.÷#.# ###.#....)..
#.####.##'#5# #...........
#†.......@4.###.##.#......
#.####.##'#.##..##........
#(# #.#..#.##.###.#......
#.# '.+..#.##.#...#......
#.#+##.####.#....#.#......
#..(..... ..#..###.##...#.
#(#'##.####.#.####.##..##.
#.#..#.#..#.#####......##.
#.# .+.'..#.##......##....


You could see an ice devil and a crimson imp (confused).

Vanquished Creatures
  A scorpion (D:2)
  2 gnolls (D:2)
  2 adders (D:2)
  2 worms (D:2)
  A dart slug (D:2)
  A giant cockroach (D:2)
  4 goblins
  2 hobgoblins (D:2)
  6 jackals (D:2)
  5 kobolds
  4 bats
  4 frilled lizards
  5 rats
39 creatures vanquished.

Vanquished Creatures (others)
  5 toadstools (D:1)
5 creatures vanquished.

Grand Total: 44 creatures vanquished

Notes
Turn   | Place    | Note
-------+----------+-------------------------------------------
     0 | D:1      | Zoots the Minotaur Chaos Knight began the quest for the Orb.
     0 | D:1      | Reached XP level 1. HP: 19/19 MP: 0/0
   341 | D:1      | Reached skill level 4 in Axes
   345 | D:1      | Reached XP level 2. HP: 27/27 MP: 1/1
   694 | D:2      | XOM: silly message
   727 | D:2      | Reached XP level 3. HP: 27/33 MP: 2/2
   729 | D:2      | XOM: harmless Pois miscast
   869 | D:2      | Noticed a scorpion
   869 | D:2      | a gnoll changed into a scorpion
   869 | D:2      | XOM: polymorph gnoll -> scorpion
   869 | D:2      | XOM: smoke on damage
   872 | D:2      | Killed a scorpion
   872 | D:2      | Reached skill level 5 in Axes
   872 | D:2      | Reached XP level 4. HP: 9/41 MP: 3/3
   979 | D:2      | XOM: severe Tloc miscast
  1023 | D:2      | XOM: mild Pois miscast
  1246 | D:2      | XOM: summons 2 hostile demons
  1247 | D:2      | Noticed an ice devil
  1255 | D:2      | Mangled by an ice devil

Vault maps used:
D:1:      ldierk_walled_garden
D:2:      minmay_door_path, nicolae_ashenzari_panopticon,
          kennysheep_slug_shrine, first_bread

Skill      XL: |  1  2  3  4 |
---------------+-------------+-----
Axes           | 4 5 |  5.4
Fighting       | 4 |  4.4
Armour         | 3 |  3.2
Dodging        | |  1.9
Stealth        | |  0.3

Action                   |  1- 3 |  4- 6 || total
-------------------------+-------+-------++-------
Melee: Hand axe          |    59 |    29 ||    88
       Headbutt          |    10 |     4 ||    14
  Use: Scroll            |       |     4 ||     4
       Potion            |       |     4 ||     4
 Stab: Paralysed         |     2 |       ||     2
  Eat: Chunk             |       |     1 ||     1
Armor: Leather armour    |    11 |     6 ||    17
       Ring mail         |     9 |    13 ||    22
Dodge: Dodged            |    36 |    22 ||    58
